[Event "Late-Titled-Tuesday-Blitz-March-12-2024"]
[Site "Chess.com"]
[Date "2024.03.12"]
[Round "3"]
[White "SharathRk6"]
[Black "TimGrutter03"]
[Result "1-0"]
[WhiteElo "2388"]
[BlackElo "2589"]
[TimeControl "180+1"]
[EndTime "14:24:06 PDT"]
[Termination "SharathRk6 won by resignation"]

1. e4 c6 2. d4 d5 3. Nc3 dxe4 4. Nxe4 Nf6 5. Nxf6+ exf6 6. c3 Bd6 7. Bd3 O-O 8. Qc2 h5 9. Ne2 Nd7 10. O-O Re8 11. Nf4 h4 12. Qd1 Qc7 13. g3 Nf8 14. Qh5 hxg3 15. hxg3 g6 16. Qh6 f5 17. Kg2 Be7 18.
Rh1 Bf6 19. Nh5 Bh8 20. Qxh8+ Kxh8 21. Nf6+ Kg7 22. Nxe8+ Kg8 23. Nxc7 Rb8 24. Bf4 Bd7 25. Rae1 Rc8 26. Be5 f6 27. Bxf6 Rxc7 28. Re7 1-0

[Event "Late-Titled-Tuesday-Blitz-March-12-2024"]
[Site "Chess.com"]
[Date "2024.03.12"]
[Round "3"]
[White "NMJeevanK"]
[Black "MatthewG-p4p"]
[Result "0-1"]
[WhiteElo "2610"]
[BlackElo "2911"]
[TimeControl "180+1"]
[EndTime "14:24:12 PDT"]
[Termination "MatthewG-p4p won by resignation"]

1. e4 e6 2. d4 d5 3. exd5 exd5 4. Nf3 Nf6 5. Bd3 c5 6. dxc5 Bxc5 7. O-O O-O 8. h3 Nc6 9. Bg5 h6 10. Bxf6 Qxf6 11.
Nc3 Be6 12. a3 Rfe8 13. Qd2 Rad8 14. Nh2 Ne5 15. Rae1 Nc4 16. Bxc4 dxc4 17. Qe2 Bxa3 18.
Ne4 Qxb2 19. Rb1 Qe5 20. Nf3 Qc7 21. Qe3 Bf8 22. Qxa7 Bd5 23. Ng3 Bc5 24. Qa4 Bxf3 25.
Rfe1 Rxe1+ 26. Rxe1 Qxg3 0-1

[Event "Late-Titled-Tuesday-Blitz-March-12-2024"]
[Site "Chess.com"]
[Date "2024.03.12"]
[Round "3"]
[White "Misterfox120"]
[Black "katharinareinecke"]
[Result "1-0"]
[WhiteElo "2376"]
[BlackElo "1975"]
[TimeControl "180+1"]
[EndTime "14:24:13 PDT"]
[Termination "Misterfox120 won by checkmate"]

1. d4 d5 2. Bf4 e6 3. e3 c5 4. Nf3 Nc6 5. Nbd2 Nf6 6. c3 Ne4 7.
Nxe4 dxe4 8. Nd2 f5 9. Be2 cxd4 10. exd4 Be7 11. Nc4 g5 12. Bh5+ Kd7 13. Ne5+ Nxe5 14.
Bxe5 Bf6 15. Qa4+ Ke7 16. Qb4+ Kd7 17. Qd6# 1-0

[Event "Late-Titled-Tuesday-Blitz-March-12-2024"]
[Site "Chess.com"]
[Date "2024.03.12"]
[Round "3"]
[White "DenLaz"]
[Black "DucksParadise"]
[Result "1-0"]
[WhiteElo "3044"]
[BlackElo "2567"]
[TimeControl "180+1"]
[EndTime "14:24:28 PDT"]
[Termination "DenLaz won by resignation"]

1. d4 Nf6 2. Nf3 d5 3. c4 e6 4. g3 Be7 5. Bg2 O-O 6. O-O a5 7. Qc2 Nc6 8. a3 dxc4 9. Qxc4 a4 10. Nc3 Bd7 11. Bg5 Na5 12. Qd3 Nd5 13. Bxe7 Qxe7 14.
Ne5 Nxc3 15. Qxc3 c6 16. Rad1 Rfd8 17. e3 Be8 18. h4 f6 19. Nd3 Nb3 20. Bf3 Rac8 21.
Kg2 b6 22. Qc4 c5 23. dxc5 Nxc5 24. Nxc5 Rxd1 25. Rxd1 Qxc5 26. Qxe6+ Bf7 27. Qd7 b5 28. Bd5 Bxd5+ 29. Rxd5 Qc6 30. Qxc6 Rxc6 31. Rxb5 Rc2 32. Rb4 Kf7 33. Rxa4 Rxb2 34. Ra8 Ra2 35. a4 h5 36. a5 g6 37. a6 Kg7 38. a7 Ra3 39. Kf1 Ra2 40. e4 Ra3 41. f4 Ra4 42. e5 fxe5 43.
fxe5 1-0

[Event "Late-Titled-Tuesday-Blitz-March-12-2024"]
[Site "Chess.com"]
[Date "2024.03.12"]
[Round "3"]
[White "Veleamater"]
[Black "AmanteDeMoi"]
[Result "0-1"]
[WhiteElo "2315"]
[BlackElo "2588"]
[TimeControl "180+1"]
[EndTime "14:24:29 PDT"]
[Termination "AmanteDeMoi won by resignation"]

1. e4 g6 2. d4 Bg7 3. Nc3 c6 4. f4 d5 5. e5 h5 6. h3 Nh6 7. Be3 Nf5 8. Bf2 h4 9. Nf3 b5 10. Bd3 a5 11. Ne2 Na6 12. c3 Nc7 13. Qd2 e6 14. O-O-O Bf8 15. Ng5 Be7 16. Ng1 Bxg5 17.
fxg5 b4 18. c4 dxc4 19. Bxc4 Ba6 20. Qe2 Bxc4 21. Qxc4 Qd5 22. Qxd5 Nxd5 23. Nf3 Nf4 24. Rh2 a4 25. Be1 b3 26. a3 Ne3 27. Bd2 Nd3+ 28. Kb1 Nxd1 29. Rh1 N1xb2 30. Bc3 Nc4 31. Bb4 Nxb4 32.
axb4 a3 33. Rc1 a2+ 0-1

[Event "Late-Titled-Tuesday-Blitz-March-12-2024"]
[Site "Chess.com"]
[Date "2024.03.12"]
[Round "3"]
[White "Vadim_Galchenko"]
[Black "Qingdom"]
[Result "1-0"]
[WhiteElo "2580"]
[BlackElo "2279"]
[TimeControl "180+1"]
[EndTime "14:24:32 PDT"]
[Termination "Vadim_Galchenko won by checkmate"]

1. e4 c5 2. a3 Nf6 3. e5 Nd5 4. Nc3 Nxc3 5. dxc3 Nc6 6. Nf3 d6 7. exd6 e6 8. Bf4 f6 9. Bd3 e5 10. Nxe5 fxe5 11. Qh5+ g6 12. Bxg6+ hxg6 13. Qxg6+ Kd7 14.
Qf7+ Kxd6 15. O-O-O+ Nd4 16. cxd4 Qe7 17. dxc5+ Kxc5 18. Qd5+ Kb6 19. Bxe5 Bh6+ 20. Kb1 Re8 21. Bd6 Qe4 22.
Qc5+ Ka6 23. Rd4 Qe1+ 24. Rxe1 Rxe1+ 25. Ka2 Be6+ 26. b3 b5 27. Qc6+ Ka5 28. Bc7# 1-0

[Event "Late-Titled-Tuesday-Blitz-March-12-2024"]
[Site "Chess.com"]
[Date "2024.03.12"]
[Round "3"]
[White "Igor_Lysyj"]
[Black "Rawnsdale"]
[Result "1-0"]
[WhiteElo "2832"]
[BlackElo "2512"]
[TimeControl "180+1"]
[EndTime "14:24:43 PDT"]
[Termination "Igor_Lysyj won by resignation"]

1. d4 d5 2. c4 e6 3. Nc3 Be7 4.
Nf3 Nf6 5. Bg5 h6 6. Bxf6 Bxf6 7. e3 O-O 8. Rc1 c5 9. dxc5 dxc4 10. Qxd8 Rxd8 11. Bxc4 Nd7 12. c6 bxc6 13. O-O Nb6 14. Be2 Bb7 15. b3 Rd7 16. Ne4 Be7 17. Nc5 Bxc5 18.
Rxc5 f6 19. Nd4 Rd6 20. Rfc1 Nd7 21. R5c2 c5 22. Nb5 Rb6 23. Rd2 Bc6 24. Nc7 Rc8 25. Nxe6 Ne5 26. Rxc5 Kf7 27. Nd8+ Ke7 28. Nxc6+ Rbxc6 29. Rxc6 Rxc6 30. f4 Nd7 31. Rxd7+ Kxd7 32. Bb5 Kd6 33.
Bxc6 Kxc6 34. Kf1 Kc5 35. Ke2 Kb4 36. Kd3 Ka3 37. e4 Kxa2 38. Kc3 Ka3 39. e5 1-0

[Event "Late-Titled-Tuesday-Blitz-March-12-2024"]
[Site "Chess.com"]
[Date "2024.03.12"]
[Round "3"]
[White "Ready4abattle"]
[Black "yaguigor"]
[Result "0-1"]
[WhiteElo "2416"]
[BlackElo "2615"]
[TimeControl "180+1"]
[EndTime "14:24:44 PDT"]
[Termination "yaguigor won by resignation"]

1. e4 e5 2. Nf3 Nc6 3. Bc4 Bc5 4. b4 Bxb4 5. c3 Ba5 6. Qb3 Qe7 7. d4 Nxd4 8. Nxd4 exd4 9. O-O Bb6 10. cxd4 Bxd4 11. Nc3 c6 12. Ba3 d6 13. Rad1 Bc5 14. Bxc5 dxc5 15. e5 Nh6 16. Rfe1 O-O 17. a4 Nf5 18. Ne4 Nd4 19. Qg3 Bf5 20. Nd6 Bg6 21. h4 Rad8 22. h5 Bc2 23. Rd2 Rxd6 0-1

[Event "Late-Titled-Tuesday-Blitz-March-12-2024"]
[Site "Chess.com"]
[Date "2024.03.12"]
[Round "3"]
[White "buenamor1972"]
[Black "Synctel"]
[Result "1-0"]
[WhiteElo "2361"]
[BlackElo "1872"]
[TimeControl "180+1"]
[EndTime "14:25:04 PDT"]
[Termination "buenamor1972 won on time"]

1. d4 Nf6 2. c4 e6 3. Nc3 Bb4 4. f3 d5 5. a3 Bxc3+ 6. bxc3 b6 7. cxd5 exd5 8. e3 O-O 9. Bd3 Re8 10. Ne2 c5 11.
O-O Ba6 12. Ng3 Bxd3 13. Qxd3 c4 14. Qc2 Nc6 15. Bd2 g6 16. Rae1 Qd6 17. e4 Qxa3 18. e5 Nd7 19. f4 Nf8 20. f5 b5 21. Bh6 b4 22. fxg6 Nxg6 23. Qf5 Nd8 24. e6 Nxe6 25.
Qxf7+ Kh8 26. Rxe6 1-0

[Event "Late-Titled-Tuesday-Blitz-March-12-2024"]
[Site "Chess.com"]
[Date "2024.03.12"]
[Round "3"]
[White "nj123456"]
[Black "IraZyne"]
[Result "1-0"]
[WhiteElo "2432"]
[BlackElo "2336"]
[TimeControl "180+1"]
[EndTime "14:25:05 PDT"]
[Termination "nj123456 won by resignation"]

1. e4 Nf6 2. e5 Nd5 3. d4 d6 4.
Nf3 Bg4 5. Be2 c6 6. O-O Bxf3 7. Bxf3 dxe5 8. dxe5 e6 9. Re1 Nd7 10. c4 Ne7 11.
Nc3 Ng6 12. Qe2 Ndxe5 13. Be4 Bc5 14. Rd1 Qe7 15. Bxg6 Nxg6 16. Ne4 O-O 17. Bg5 f6 18. Nxc5 Qxc5 19. Qxe6+ Kh8 20. Be3 Qb4 21. b3 Rae8 22. Qf5 Re7 23. g3 b6 24. h4 Rfe8 25. h5 Nf8 26. h6 Re5 27. hxg7+ Kxg7 28. Qf3 R5e6 29. Bd4 Qe7 30. Kg2 c5 31. Bc3 Ng6 32. Rh1 Re2 33. Bxf6+ Qxf6 34. Rxh7+ 1-0

[Event "Late-Titled-Tuesday-Blitz-March-12-2024"]
[Site "Chess.com"]
[Date "2024.03.12"]
[Round "3"]
[White "BebeBonito2022"]
[Black "Noki102"]
[Result "0-1"]
[WhiteElo "2307"]
[BlackElo "2552"]
[TimeControl "180+1"]
[EndTime "14:25:09 PDT"]
[Termination "Noki102 won by resignation"]

1. d4 d5 2. c4 e6 3. Nc3 Bb4 4. e3 Nf6 5. Nf3 O-O 6. Bd3 dxc4 7. Bxc4 b6 8. O-O Bb7 9. Qe2 Nbd7 10. Rd1 Ne4 11. Nxe4 Bxe4 12. Bd2 Bd6 13. Bc3 Qe7 14. Nd2 Bb7 15. e4 e5 16. d5 a6 17. a3 Nc5 18. b4 Na4 19. Rac1 Nxc3 20. Rxc3 a5 21. b5 Bxa3 22. f4 Bc5+ 23. Kh1 exf4 24. e5 Rae8 25.
Re1 Bd4 26. Rh3 Qxe5 0-1

[Event "Late-Titled-Tuesday-Blitz-March-12-2024"]
[Site "Chess.com"]
[Date "2024.03.12"]
[Round "3"]
[White "masnyszachistaaa"]
[Black "diamonds13"]
[Result "1-0"]
[WhiteElo "2553"]
[BlackElo "2353"]
[TimeControl "180+1"]
[EndTime "14:25:11 PDT"]
[Termination "masnyszachistaaa won by resignation"]

1. Nf3 d5 2. c4 d4 3. e3 c5 4.
exd4 cxd4 5. d3 Nc6 6. g3 g6 7. Bg2 Bg7 8. O-O e5 9. Nbd2 Bg4 10. h3 Be6 11. Ne4 h6 12. Nc5 Qc8 13. Nxe6 Qxe6 14.
Re1 Nge7 15. b4 Rd8 16. b5 Nb8 17. Bb2 Qf6 18. Nxe5 O-O 19. Bxb7 Nf5 20. Bd5 Ne3 21. fxe3 Qxe5 22. Qf3 Rxd5 23. cxd5 Qg5 24. Qf4 Qd8 25. Bxd4 Qxd5 26. Bxg7 Kxg7 27. Qd4+ Qxd4 28. exd4 Rd8 29. Re7 Rxd4 30. Rf1 1-0

[Event "Late-Titled-Tuesday-Blitz-March-12-2024"]
[Site "Chess.com"]
[Date "2024.03.12"]
[Round "3"]
[White "GlavkonVVS"]
[Black "waltereador"]
[Result "1-0"]
[WhiteElo "2589"]
[BlackElo "2327"]
[TimeControl "180+1"]
[EndTime "14:25:14 PDT"]
[Termination "GlavkonVVS won by checkmate"]

1. Nf3 Nf6 2. c4 d5 3. cxd5 Nxd5 4. e4 Nb6 5. d4 g6 6. Nc3 Bg7 7. Be3 O-O 8. a4 a5 9. h4 h5 10. Be2 Bg4 11. Qb3 Nc6 12. Rd1 Nb4 13. Ne5 Be6 14. d5 Bd7 15. f4 Qe8 16. g4 hxg4 17. Nxd7 Qxd7 18. h5 gxh5 19. Rxh5 g3 20. Rg5 Qh3 21. Kd2 g2 22. Rg1 e6 23. R1xg2 exd5 24. Rxg7+ Kh8 25. R7g5 Rad8 26. Bd4+ f6 27. Rh5+ Qxh5 28. Bxh5 dxe4 29. Ne2 c5 30. Qh3 e3+ 31. Kc1 cxd4 32. Bf7# 1-0

[Event "Late-Titled-Tuesday-Blitz-March-12-2024"]
[Site "Chess.com"]
[Date "2024.03.12"]
[Round "3"]
[White "ITheOnlyME"]
[Black "Boundless_Strike"]
[Result "1-0"]
[WhiteElo "2407"]
[BlackElo "2594"]
[TimeControl "180+1"]
[EndTime "14:25:17 PDT"]
[Termination "ITheOnlyME won by resignation"]

1. d4 e5 2. dxe5 d6 3. exd6 Bxd6 4. e4 Nc6 5. Nc3 Qe7 6. Bb5 Bd7 7. Nf3 O-O-O 8. Qe2 Nf6 9. Bg5 h6 10. Bxf6 Qxf6 11. O-O-O Rhe8 12. Rhe1 Kb8 13. Kb1 a6 14. Bxc6 Bxc6 15. Qc4 g5 16. e5 Bxe5 17. Rxd8+ Qxd8 18. Nxe5 Bxg2 19. Rd1 Qe7 20. Nxf7 Bf3 21. Rc1 Qf6 22.
b4 Bh5 23. Qxc7+ Kxc7 24. Nd5+ Kb8 25. Nxf6 Bxf7 26. Nxe8 Bxe8 27. Re1 Bc6 1-0

[Event "Late-Titled-Tuesday-Blitz-March-12-2024"]
[Site "Chess.com"]
[Date "2024.03.12"]
[Round "3"]
[White "xasid81"]
[Black "Mbneu"]
[Result "1-0"]
[WhiteElo "2575"]
[BlackElo "2248"]
[TimeControl "180+1"]
[EndTime "14:25:18 PDT"]
[Termination "xasid81 won by resignation"]

1. Nc3 c5 2. e4 Nc6 3. h3 g6 4. Bb5 Nd4 5. Bc4 e6 6. Nf3 Ne7 7. Nxd4 cxd4 8. Ne2 Qc7 9. d3 Bg7 10. O-O a6 11. a4 d5 12. exd5 exd5 13. Bb3 O-O 14. Nf4 Qd6 15. Qf3 Be6 16. Re1 Rae8 17. Bd2 Nc6 18. Nxd5 Ne5 19. Nf6+ Kh8 20.
Qf4 Bxb3 21. Nxe8 Rxe8 22. cxb3 f6 23. Qg3 Rf8 24. Rac1 Qd5 25. f4 Nc6 26. Rc4 b5 27.
axb5 axb5 28. Rcc1 f5 29. Qf3 Qxf3 30. gxf3 Nd8 31.
Bb4 Rg8 32. Rc8 Nc6 33. Rxc6 1-0

[Event "Late-Titled-Tuesday-Blitz-March-12-2024"]
[Site "Chess.com"]
[Date "2024.03.12"]
[Round "3"]
[White "1g60-1"]
[Black "Kavyev_Ruslan"]
[Result "1-0"]
[WhiteElo "2334"]
[BlackElo "2518"]
[TimeControl "180+1"]
[EndTime "14:25:21 PDT"]
[Termination "1g60-1 won by checkmate"]

1. e4 c5 2. Nf3 Nc6 3. d4 cxd4 4. Nxd4 Nf6 5. Nc3 e5 6. Ndb5 d6 7. Bg5 a6 8. Bxf6 gxf6 9. Na3 Bg7 10. Nd5 f5 11. Bd3 fxe4 12. Bxe4 Be6 13. c3 Ne7 14.
O-O f5 15. Nxe7 Qxe7 16. Bd5 O-O 17. Qb3 Bxd5 18. Qxd5+ Kh8 19. Rad1 Rg8 20. Nc4 Qg5 21. Nxd6 Raf8 22. Nf7+ Rxf7 23. Qxf7 Bf6 24. g3 f4 25.
Rd6 Bd8 26. Rd7 Qh6 27. Rfd1 Bh4 28. R1d6 Qg5 29. Qxh7# 1-0

[Event "Late-Titled-Tuesday-Blitz-March-12-2024"]
[Site "Chess.com"]
[Date "2024.03.12"]
[Round "3"]
[White "Divljasvinja14"]
[Black "GothamChess"]
[Result "0-1"]
[WhiteElo "2493"]
[BlackElo "2691"]
[TimeControl "180+1"]
[EndTime "14:25:25 PDT"]
[Termination "GothamChess won by checkmate"]

1. c4 g6 2. Nc3 Bg7 3. g3 d6 4.
Bg2 Nc6 5. Nf3 Bd7 6. O-O Qc8 7. Re1 Bh3 8. Bh1 h5 9. d4 h4 10. Bf4 e5 11. Be3 hxg3 12. hxg3 Qg4 13. d5 Nce7 14. Ng5 Qh5 15. Nxh3 Qxh3 16. Bg2 Qh2+ 17. Kf1 Nf5 18. Qd2 Nf6 19. Bg5 Ng4 20. e4 Nxg3+ 21. fxg3 Qxg3 22.
Re2 Nh2+ 23. Kg1 Nf3+ 24. Kf1 Rh1+ 25. Bxh1 Qg1# 0-1

[Event "Late-Titled-Tuesday-Blitz-March-12-2024"]
[Site "Chess.com"]
[Date "2024.03.12"]
[Round "3"]
[White "crazyluzhinTh3"]
[Black "dodorox"]
[Result "1-0"]
[WhiteElo "2571"]
[BlackElo "2158"]
[TimeControl "180+1"]
[EndTime "14:25:27 PDT"]
[Termination "crazyluzhinTh3 won on time"]

1. e4 e6 2. d4 d5 3. Nc3 Nf6 4. Bg5 dxe4 5. Nxe4 Be7 6. Bxf6 gxf6 7. Nf3 f5 8. Nc3 a6 9. Qe2 b5 10. O-O-O Bb7 11.
g3 Qd6 12. Bg2 Nd7 13. Rhe1 O-O-O 14. Bh1 Kb8 15. Kb1 Bf6 16. Ne5 Bxh1 17. Nxf7 Qb4 18. Nxd8 Rxd8 19. Rxh1 Bxd4 20. a3 Qc5 21. Qxe6 Nf6 22.
Qxa6 c6 23. Qa5 Re8 24. Qb4 Qxb4 25. axb4 Bxc3 26. bxc3 Nd5 27. Kb2 Re2 28. Rhf1 Kc7 29. Rde1 Rd2 30. Kc1 1-0

[Event "Late-Titled-Tuesday-Blitz-March-12-2024"]
[Site "Chess.com"]
[Date "2024.03.12"]
[Round "3"]
[White "K_A_S_T_O_R"]
[Black "Roedor"]
[Result "1-0"]
[WhiteElo "2859"]
[BlackElo "2285"]
[TimeControl "180+1"]
[EndTime "14:25:33 PDT"]
[Termination "K_A_S_T_O_R won on time"]

1. e4 e5 2. Nf3 Nc6 3. Bb5 Nf6 4. d3 Bc5 5. Bxc6 dxc6 6. Be3 Qe7 7. h3 Nd7 8. Nbd2 Nf8 9. O-O Bd6 10. d4 Ng6 11. Nc4 O-O 12. Re1 Re8 13. dxe5 Nxe5 14. Nfxe5 Bxe5 15. Nxe5 Qxe5 16. Bd4 Qe7 17. Qf3 Be6 18.
b3 Rad8 19. Bc3 f6 20. Qg3 c5 21. Re3 Rd7 22. Rae1 Red8 23. Rf3 Rd1 24. Rxd1 Rxd1+ 25. Kh2 Kf8 26. Qh4 Bg8 27. e5 Bf7 28. exf6 gxf6 29.
Rxf6 1-0

[Event "Late-Titled-Tuesday-Blitz-March-12-2024"]
[Site "Chess.com"]
[Date "2024.03.12"]
[Round "3"]
[White "Mops_2004"]
[Black "HanSchut"]
[Result "1-0"]
[WhiteElo "2813"]
[BlackElo "2334"]
[TimeControl "180+1"]
[EndTime "14:25:35 PDT"]
[Termination "Mops_2004 won by resignation"]

1. e4 c5 2. Nf3 d6 3. d4 cxd4 4. Nxd4 Nf6 5. Nc3 a6 6. Bc4 e6 7. Bb3 b5 8. O-O b4 9. Na4 Bd7 10. c3 bxc3 11. Nxc3 Be7 12. Re1 O-O 13. Be3 Nc6 14. Nxc6 Bxc6 15. f3 Re8 16. Bd4 d5 17. e5 Nd7 18. f4 Bc5 19. Qd2 Qb6 20. Rad1 g6 21. h4 Bxd4+ 22. Qxd4 Qxd4+ 23. Rxd4 Nc5 24. Bc2 h5 25. b4 Nd7 26. Bd3 Rec8 27. Kf2 Nb6 28.
Ke3 Bb7 29. Kd2 Rc7 30. Rc1 Rac8 31. Ne2 Rxc1 32. Nxc1 Na4 33. Nb3 Nc3 34. Nc5 Rc7 35. Kxc3 1-0

[Event "Late-Titled-Tuesday-Blitz-March-12-2024"]
[Site "Chess.com"]
[Date "2024.03.12"]
[Round "3"]
[White "Road2GM3000"]
[Black "Bryanl106"]
[Result "0-1"]
[WhiteElo "2469"]
[BlackElo "2662"]
[TimeControl "180+1"]
[EndTime "14:25:39 PDT"]
[Termination "Bryanl106 won by checkmate"]

1. d4 Nf6 2. c4 g6 3. Nc3 Bg7 4.
e4 d6 5. f4 O-O 6. Nf3 c5 7. d5 e6 8. Be2 exd5 9. exd5 Re8 10.
O-O Bf5 11. Bd3 Bxd3 12. Qxd3 Na6 13. a3 Nc7 14. f5 Ng4 15. Bg5 Bd4+ 16. Kh1 Bf6 17.
fxg6 hxg6 18. Bxf6 Qxf6 19. Ne4 Qf4 20. Rae1 f5 21.
g3 fxe4 22. Qc2 Qh6 23. Nh4 Re7 24. Rf4 Ne5 25. Ref1 b5 26. Qd2 Nxc4 27. Qc1 Qg7 28. b3 Nxd5 29. bxc4 Nxf4 30. Rxf4 Rf8 31. Rg4 Re6 32.
Qe3 Qa1+ 33. Kg2 Qf1# 0-1

[Event "Late-Titled-Tuesday-Blitz-March-12-2024"]
[Site "Chess.com"]
[Date "2024.03.12"]
[Round "3"]
[White "Lady_Nika"]
[Black "MikeSailer"]
[Result "1-0"]
[WhiteElo "2570"]
[BlackElo "2156"]
[TimeControl "180+1"]
[EndTime "14:25:39 PDT"]
[Termination "Lady_Nika won by resignation"]

1. d4 d5 2. e3 Nf6 3. f4 Bf5 4. Nf3 e6 5. c3 Be7 6. Bd3 Bxd3 7.
Qxd3 c6 8. Nbd2 Nbd7 9. O-O O-O 10. Ne5 a6 11. Rf3 c5 12. Rh3 g6 13. b3 cxd4 14. exd4 Rc8 15. Bb2 Nxe5 16. fxe5 Ne8 17. Rf1 f6 18.
exf6 Rxf6 19. Rhf3 Rxf3 20. Nxf3 Bd6 21. c4 Ng7 22.
Bc1 Nf5 23. Qe2 Qd7 24. c5 Bc7 25. g4 Ng7 26. Bh6 Rf8 27. Ng5 Rxf1+ 28. Kxf1 e5 29. dxe5 d4 30. Qc4+ Kf8 31. Nxh7+ Ke8 32. Nf6+ 1-0

[Event "Late-Titled-Tuesday-Blitz-March-12-2024"]
[Site "Chess.com"]
[Date "2024.03.12"]
[Round "3"]
[White "AlexeiShirov"]
[Black "As0nchess"]
[Result "1-0"]
[WhiteElo "2864"]
[BlackElo "2553"]
[TimeControl "180+1"]
[EndTime "14:25:41 PDT"]
[Termination "AlexeiShirov won on time"]

1. e4 c5 2. Nf3 e6 3. d4 cxd4 4.
Nxd4 Nc6 5. Nc3 a6 6. Bf4 d6 7.
Nxc6 bxc6 8. Qd2 e5 9. Bg5 Qb6 10. Bc4 h6 11. Be3 Qc7 12. f4 Nf6 13. h3 Be7 14.
O-O-O a5 15. g4 Be6 16. Bxe6 fxe6 17. fxe5 dxe5 18. Qd3 Bb4 19. Qc4 O-O 20. Na4 Kh8 21. g5 hxg5 22. Rdg1 Qb7 23. Rxg5 Qb5 24. Qxb5 1-0

[Event "Late-Titled-Tuesday-Blitz-March-12-2024"]
[Site "Chess.com"]
[Date "2024.03.12"]
[Round "3"]
[White "Koalaskakistis"]
[Black "Fonsofan"]
[Result "1-0"]
[WhiteElo "2544"]
[BlackElo "2710"]
[TimeControl "180+1"]
[EndTime "14:25:42 PDT"]
[Termination "Koalaskakistis won by resignation"]

1. e4 e6 2. d4 b6 3. Bd3 Bb7 4. c3 c5 5. Nf3 Nf6 6. Qe2 d5 7. e5 Nfd7 8. O-O h6 9. a3 a5 10.
Be3 Qc8 11. Nbd2 Ba6 12. c4 dxc4 13. Nxc4 Nc6 14. Rac1 Be7 15. dxc5 bxc5 16. Nd6+ Bxd6 17. exd6 Bxd3 18. Qxd3 Qa6 19. Qxa6 Rxa6 20. Bxc5 Nxc5 21. Rxc5 Kd7 22. Rd1 Rb8 23. Rxc6 Kxc6 24. Ne5+ 1-0

[Event "Late-Titled-Tuesday-Blitz-March-12-2024"]
[Site "Chess.com"]
[Date "2024.03.12"]
[Round "3"]
[White "HansOnTwitch"]
[Black "MikaelyanArman"]
[Result "1-0"]
[WhiteElo "3111"]
[BlackElo "2825"]
[TimeControl "180+1"]
[EndTime "14:25:43 PDT"]
[Termination "HansOnTwitch won by resignation"]

1. e4 e5 2. Nf3 Nc6 3. Bb5 a6 4. Ba4 Nf6 5. O-O Be7 6. Re1 b5 7. Bb3 d6 8. c3 O-O 9. h3 Bb7 10. d4 Re8 11. a3 Bf8 12. Ba2 h6 13. d5 Nb8 14. b3 Nbd7 15. c4 Nc5 16. Nc3 bxc4 17. bxc4 a5 18. Qc2 Ba6 19. Be3 Nfd7 20. Nb5 Bxb5 21. cxb5 a4 22. Nd2 g6 23. Rab1 h5 24. Bc4 Kh7 25. Be2 Bh6 26. Bxh6 Kxh6 27. Nf3 Kg7 28. Bf1 Rh8 29. h4 Nf6 30. g3 Ng4 31. Bh3 Qf6 32. Kg2 Rab8 33. Rb4 Rb6 34. Reb1 Qe7 35. Nd2 Nf6 36. f3 Ra8 37. Nc4 Rbb8 38.
b6 Qd8 39. b7 Ra7 40. Nxe5 Raxb7 41. Nc6 Rxb4 42. axb4 Qc8 43. Bxc8 1-0

[Event "Late-Titled-Tuesday-Blitz-March-12-2024"]
[Site "Chess.com"]
[Date "2024.03.12"]
[Round "3"]
[White "carloseduar100"]
[Black "biostatistician"]
[Result "1-0"]
[WhiteElo "2320"]
[BlackElo "2508"]
[TimeControl "180+1"]
[EndTime "14:25:44 PDT"]
[Termination "carloseduar100 won on time"]

1. e4 e5 2. Nf3 Nc6 3. Nc3 Nf6 4. Nxe5 Nxe5 5. d4 Nc6 6. d5 Bb4 7. dxc6 bxc6 8. Bd2 d5 9. e5 Nd7 10. Qe2 O-O 11. O-O-O a5 12. f4 Ba6 13. Qg4 Nc5 14.
Bxa6 Rxa6 15. f5 Bxc3 16. Bxc3 Ne4 17. f6 g6 18. Qh4 h5 19. Bd4 Qd7 20. h3 Qf5 21.
Rhf1 Qg5+ 22. Qxg5 Nxg5 23. b3 Ne6 24. Bb2 Kh7 25.
g4 hxg4 26. hxg4 g5 27. Rd3 Kg6 28. Rh3 Nf4 29. Rh2 Raa8 30. Rfh1 1-0

[Event "Late-Titled-Tuesday-Blitz-March-12-2024"]
[Site "Chess.com"]
[Date "2024.03.12"]
[Round "3"]
[White "Viktor_Poddubnyi"]
[Black "szachmistrz2500"]
[Result "0-1"]
[WhiteElo "2259"]
[BlackElo "2470"]
[TimeControl "180+1"]
[EndTime "14:25:44 PDT"]
[Termination "szachmistrz2500 won on time"]

1. e4 c5 2. Nf3 d6 3. d4 cxd4 4.
Nxd4 Nf6 5. Nc3 a6 6. Bg5 e6 7. Qf3 Be7 8. g4 h6 9. Bd2 Qb6 10. Nb3 Nc6 11. O-O-O Ne5 12. Qg3 Nexg4 13. Be1 Bd7 14.
h3 Ne5 15. f4 Ng6 16. h4 h5 17. Bf2 Qc7 18. Bh3 O-O-O 19. f5 Ne5 20. fxe6 Bxe6 21. Nd5 Nxd5 22. exd5 Bg4 23. Bxg4+ Nxg4 24. Bd4 Kb8 25.
Bxg7 Rhg8 26. Bc3 Rc8 27. Nd4 Bf6 28. Rhf1 Be5 29. Qd3 Nh2 30. Rf5 Rg3 0-1

[Event "Late-Titled-Tuesday-Blitz-March-12-2024"]
[Site "Chess.com"]
[Date "2024.03.12"]
[Round "3"]
[White "BardArtem"]
[Black "Fandorine"]
[Result "0-1"]
[WhiteElo "2737"]
[BlackElo "2956"]
[TimeControl "180+1"]
[EndTime "14:25:47 PDT"]
[Termination "Fandorine won by resignation"]

1. e4 c5 2. c3 d5 3. exd5 Nf6 4. Bb5+ Nbd7 5. Nf3 a6 6. Be2 Nxd5 7. O-O e6 8. d4 Be7 9. c4 N5f6 10. Nc3 cxd4 11. Nxd4 O-O 12. Be3 Qc7 13. h3 b6 14. Bf3 Bb7 15.
Bxb7 Qxb7 16. Qe2 Rac8 17. Rfd1 h6 18. Nf3 Rfd8 19. a3 Qc7 20. Rd4 Bc5 21. Bf4 e5 22. Bxe5 Nxe5 23. Rxd8+ Rxd8 24. Qxe5 Qxe5 25. Nxe5 Rd2 26.
Nd1 Ne4 27. Ng4 h5 28. Nge3 Nxf2 29. Kf1 Ne4 30. b4 Bd4 31. Rc1 Ng3+ 32. Kg1 Ne2+ 0-1

[Event "Late-Titled-Tuesday-Blitz-March-12-2024"]
[Site "Chess.com"]
[Date "2024.03.12"]
[Round "3"]
[White "ChessSwole"]
[Black "HajiyevKanan"]
[Result "1-0"]
[WhiteElo "2717"]
[BlackElo "2527"]
[TimeControl "180+1"]
[EndTime "14:25:48 PDT"]
[Termination "ChessSwole won by resignation"]

1. e4 c6 2. d4 d5 3. Nc3 a6 4. Nf3 Bg4 5. h3 Bh5 6. exd5 cxd5 7. g4 Bg6 8. Ne5 Nc6 9. h4 Nxe5 10. dxe5 h5 11.
Bg2 e6 12. Be3 Ne7 13. gxh5 Bxh5 14. Bf3 Bg6 15. h5 Bf5 16. Ne2 Qa5+ 17. c3 Nc6 18. Nd4 Nxd4 19. Qxd4 b5 20. O-O Rc8 21. a4 b4 22.
cxb4 Bxb4 23. Rac1 O-O 24. h6 g6 25. Qh4 f6 26.
Rxc8 Rxc8 27. Qxf6 Bf8 28. h7+ Kxh7 29. Qf7+ Bg7 30. Kg2 Bh3+ 31. Kxh3 Rc4 32. Rh1 Qxa4 33. Kg3+ 1-0

[Event "Late-Titled-Tuesday-Blitz-March-12-2024"]
[Site "Chess.com"]
[Date "2024.03.12"]
[Round "3"]
[White "Practical-Play"]
[Black "Timerkhanov"]
[Result "1-0"]
[WhiteElo "2465"]
[BlackElo "2619"]
[TimeControl "180+1"]
[EndTime "14:25:50 PDT"]
[Termination "Practical-Play won by resignation"]

1. e4 c5 2. c3 d5 3. exd5 Nf6 4. Bb5+ Bd7 5. Bxd7+ Qxd7 6. c4 e6 7. Qe2 Bd6 8. dxe6 fxe6 9. d3 O-O 10. Nf3 Nc6 11.
O-O Bc7 12. Nc3 Ng4 13. h3 Qd6 14. Nb5 Nd4 15. Nbxd4 cxd4 16. c5 Qxc5 17. Qxe6+ Kh8 18. Qxg4 Rad8 19. Bg5 Rd5 20. Bh4 h5 21. Qe6 Rd6 22. Be7 Rxf3 23. gxf3 Qc6 24. Bxd6 Bxd6 25. Rfe1 1-0